 Dungeon Crawl Stone Soup version 0.21-a0-207-g4a9efaf (webtiles) character file.

23279 tryhard the Basher (level 13, 0/93 HPs)
             Began as an Octopode Fighter on Aug 20, 2017.
             Was an Initiate of Gozag.
             Killed from afar by Azrael (16 damage)
             ... with a fireball
             ... on level 1 of the Orcish Mines.
             The game lasted 00:33:03 (19157 turns).

tryhard the Basher (Octopode Fighter)              Turns: 19157, Time: 00:33:04

Health: 0/93       AC:  7    Str: 18    XL:     13   Next: 5%
Magic:  0/18       EV: 18    Int: 15    God:    Gozag
Gold:   209        SH: 16    Dex: 16    Spells: 12/12 levels left

rFire    + . .     SeeInvis .   a - +1 flail
rCold    + . .     Gourm    .   b - +1 shield
rNeg     . . .     Faith    .   (helmet restricted)
rPois    .         Spirit   +   C - amulet of guardian spirit
rElec    .         Reflect  .   G - +2 ring of intelligence
rCorr    .         Harm     .   K - ring of the Octopus King {rC+ AC+1 EV+1 Str+1 Int+1 Dex+1}
MR       .....                  f - ring of protection from fire
Stlth    +.........             F - +5 ring of protection
HPRegen  0.25/turn              (no ring)
MPRegen  0.16/turn              (no ring)
                                (no ring)
                                (no ring)

@: liquid flames, glowing
A: almost no armour, stealthy swim, amphibious, 8 rings, constrict 8, large bone
plates 1, camouflage 1, clever 1, gelatinous body 1
a: Potion Petition, Call Merchant, Bribe Branch, Renounce Religion


You were on level 1 of the Orcish Mines.
You worshipped Gozag.
Gozag was aware of your devotion.
You were not hungry.

You visited 4 branches of the dungeon, and saw 16 of its levels.

You collected 3095 gold pieces.
You spent 700 gold pieces at shops.
You paid 2186 gold pieces to Gozag.

Inventory:

Hand Weapons
 a - a +1 flail (weapon)
 e - a +1 great mace of draining
 h - a +0 hunting sling
 E - a +1 mace of holy wrath
Missiles
 k - 6 needles of confusion
 n - 435 stones (quivered)
 t - 19 sling bullets
Armour
 b - a +1 shield (worn)
 j - a +0 leather armour
Jewellery
 f - a ring of protection from fire (on tentacle)
 B - an uncursed amulet of harm
 C - an amulet of guardian spirit (around mantle)
 F - a +5 ring of protection (on tentacle)
 G - a +2 ring of intelligence (left tentacle)
 K - a ring of the Octopus King (right tentacle) {rC+ AC+1 EV+1 Str+1 Int+1 Dex+1}
   (You bought it in a shop on level 1 of the Lair of Beasts)

   [ring of protection from cold]

   It affects your AC (+1).
   It affects your evasion (+1).
   It affects your strength (+1).
   It affects your intelligence (+1).
   It affects your dexterity (+1).
   It protects you from cold.
 N - an uncursed ring of see invisible {unknown}
Wands
 c - a wand of scattershot (0/9)
 d - a wand of iceblast (0/15)
 w - a wand of iceblast (8/15)
 x - a wand of confusion (28/48)
 y - a wand of random effects (26/48)
 z - a wand of iceblast (3/15)
 J - a wand of confusion (15/48)
 L - a wand of random effects (24/48)
 M - a wand of disintegration (14/24)
 O - a wand of iceblast (6/15)
Scrolls
 i - a scroll of enchant weapon
 o - 10 scrolls of remove curse
 p - 3 scrolls of amnesia
 q - 4 scrolls of enchant armour
 u - 2 scrolls of noise
 D - 2 scrolls of magic mapping
 H - a scroll of recharging
 Q - a scroll of vulnerability {unknown}
Potions
 A - a potion of flight
Books
 m - a book of Maledictions

   Spells                             Type                      Level
   a - Corona                         Hexes                        1
   b - Ensorcelled Hibernation        Hexes/Ice                    2
   c - Confuse                        Hexes                        3
   d - Tukima's Dance                 Hexes                        3
   e - Dazzling Spray                 Conjuration/Hexes            3
 s - a book of Changes

   Spells                             Type                      Level
   a - Beastly Appendage              Transmutation                1
   b - Sticks to Snakes               Transmutation                2
   c - Spider Form                    Transmutation/Poison         3
   d - Ice Form                       Ice/Transmutation            4
   e - Blade Hands                    Transmutation                5
 I - a book of Misfortune

   Spells                             Type                      Level
   a - Confusing Touch                Hexes                        1
   b - Confuse                        Hexes                        3
   c - Gell's Gravitas                Translocation                3
   d - Petrify                        Transmutation/Earth          4
   e - Metabolic Englaciation         Hexes/Ice                    5
   f - Yara's Violent Unravelling     Hexes/Transmutation          5
Comestibles
 l - 2 bread rations
 r - 10 royal jellies
 v - 7 fruits


   Skills:
 + Level 10.7 Fighting
 * Level 13.9 Maces & Flails
 + Level 7.9 Dodging
 - Level 7.9 Shields
 + Level 7.9 Evocations


You had 12 spell levels left.
You didn't know any spells.

Dungeon Overview and Level Annotations

Branches:
Dungeon (10/15)            Temple (1/1) D:5            Lair (3/6) D:9
    Orc (2/2) D:10
  Swamp: Lair:2-4    Shoals: Lair:2-4     Snake: Lair:2-4    Spider: Lair:2-4
    Elf: Orc:2

Altars:
Ashenzari
Cheibriados
Elyvilon
Fedhas
Gozag
Kikubaaqudgha
Makhleb
Nemelex Xobeh
Okawaru
Qazlal
Ru
Sif Muna
Trog
Uskayaw
Vehumet
Wu Jian
Yredelemnul
Zin
Beogh

Shops:
Lair:1 =

Annotations:
D:6 1 runed door
Lair:1 Gastronok
Orc:1 Azrael
Orc:2 Saint Roka


Innate Abilities, Weirdness & Mutations

You cannot wear most types of armour.
You are very stealthy in the water. (Stealth+)
You are amphibious.
You can wear up to eight rings at the same time.
You can use your tentacles to constrict eight enemies at once.
Your skin changes colour to match your surroundings (Stealth+).
Your rubbery body absorbs attacks. (AC +1, EV +1)
You are partially covered in large bone plates. (SH +4)
Your mind is acute. (Int +2)


Message History

Azrael gestures at you. The sticky flame hits you! You resist.
You are covered in liquid flames!
* * * LOW HITPOINT WARNING * * *
Unknown command.
You are covered in liquid flames!
* * * LOW HITPOINT WARNING * * *
Azrael gestures at you. The bolt of fire hits you! You resist.
* * * LOW HITPOINT WARNING * * *
Unknown command.
You are covered in liquid flames!
* * * LOW HITPOINT WARNING * * *
Unknown command.
Unknown command.
You are covered in liquid flames!
Azrael gestures at you.
The fireball explodes!
The fireball engulfs you! You resist.
You die...
Your body crumbles into a pile of gold.

##.#.#.§§.§...................
#....[.§§§..................#.
##.#........[)[....##..#...##.
###........§>).....##....####
#.........R[)...........#.#.
##..........................
###.............#..........
##.......................
##....#@................
##.####................
##.##................. #
###..................... #
##.##....[(........#..... #
#........)[#)[[##...#..#. ###
##....#..(...)####..###.. ..#
##.##.....#[).###...###. #.##
#####.#.###)###...###..


You could see Azrael.

Vanquished Creatures
  Donald (Orc:1)
  Josephine (Orc:1)
  Erolcha (Orc:1)
  A centaur warrior (Orc:1)
  The ghost of p0werm0de the Fighter, a novice DsAE of Ashenzari (Lair:1)
  3 two-headed ogres
  An orc high priest (Orc:1)
  An orc knight (Orc:1)
  2 orc sorcerers
  Maurice (Orc:1)
  2 gargoyles (D:10)
  2 spiny frogs (Lair:2)
  2 komodo dragons
  2 trolls
  Grinder (D:4)
  2 hippogriffs
  4 wraiths (Orc:1)
  4 hogs (D:7)
  A basilisk (Lair:3)
  5 yaks (D:10)
  2 wyverns (D:10)
  A human (D:7)
  A fire elemental (Orc:1)
  4 wargs
  A hungry ghost (D:9)
  2 hell hounds (Orc:2)
  6 porcupines
  23 orc warriors
  2 water moccasins
  2 phantoms
  An ice beast (D:7)
  A sky beast (D:8)
  2 black bears
  2 crocodiles
  2 necrophages (D:6)
  11 ogres
  3 centaurs
  4 big kobolds (D:10)
  4 bullfrogs
  A gnoll sergeant (D:8)
  A wyvern skeleton (D:6)
  4 scorpions
  14 killer bees
  2 howler monkeys
  7 crimson imps
  3 bullfrog zombies (D:6)
  3 quasits
  A centaur zombie (D:10)
  11 hounds
  2 jellies (D:8)
  20 orc priests
  A bullfrog skeleton (D:6)
  An iguana (D:7)
  16 orc wizards
  10 worker ants
  2 hound skeletons
  10 gnolls
  A howler monkey skeleton (D:6)
  8 adders
  3 shadow imps
  An ooze (D:4)
  3 adder skeletons
  2 worms
  A dart slug (D:2)
  4 leopard geckos
  101 orcs
  7 giant cockroaches
  10 hobgoblins
  10 jackals
  2 quokkas
  2 bats (D:2)
  5 frilled lizards
  10 goblins
  20 kobolds
  A leopard gecko zombie (D:5)
  A quokka zombie (D:6)
  11 rats
  A butterfly (Lair:3)
425 creatures vanquished.

Vanquished Creatures (others)
  2 fungi (Lair:2)
  5 plants
7 creatures vanquished.

Grand Total: 432 creatures vanquished

Notes
Turn   | Place    | Note
-------+----------+-------------------------------------------
     0 | D:1      | tryhard the Octopode Fighter began the quest for the Orb.
     0 | D:1      | Reached XP level 1. HP: 16/16 MP: 1/1
   194 | D:1      | You fall through a shaft!
   322 | D:1      | Reached XP level 2. HP: 21/21 MP: 2/2
   976 | D:2      | Reached XP level 3. HP: 18/26 MP: 3/3
  1553 | D:2      | Reached skill level 3 in Maces & Flails
  1801 | D:2      | Reached XP level 4. HP: 31/31 MP: 4/4
  2256 | D:3      | Reached XP level 5. HP: 26/37 MP: 5/5
  2541 | D:3      | Found a faded altar of an unknown god.
  2589 | D:3      | Reached skill level 4 in Maces & Flails
  3156 | D:4      | Reached XP level 6. HP: 34/43 MP: 6/6
  3488 | D:4      | Noticed Grinder
  3496 | D:4      | Killed Grinder
  3496 | D:4      | Reached skill level 5 in Maces & Flails
  3496 | D:4      | Reached XP level 7. HP: 13/49 MP: 7/7
  3677 | D:4      | Reached skill level 5 in Shields
  3835 | D:4      | Found a sacrificial altar of Ru.
  3836 | D:4      | Found a white marble altar of Elyvilon.
  4342 | D:5      | Entered Level 5 of the Dungeon
  4815 | D:5      | Reached skill level 5 in Fighting
  4815 | D:5      | Reached skill level 6 in Maces & Flails
  5174 | D:5      | Reached XP level 8. HP: 43/55 MP: 6/8
  5391 | D:5      | Found a staircase to the Ecumenical Temple.
  5399 | Temple   | Entered the Ecumenical Temple
  5486 | Temple   | Became a worshipper of Gozag Ym Sagoz the Greedy
  5577 | D:5      | Reached skill level 7 in Maces & Flails
  5857 | D:5      | Found a stormy altar of Qazlal.
  6069 | D:6      | Found a runed door.
  6092 | D:6      | Found a runed door.
  6196 | D:6      | Reached skill level 8 in Maces & Flails
  6570 | D:6      | Reached XP level 9. HP: 59/62 MP: 9/9
  7468 | D:6      | Gained mutation: You are partially covered in large bone plates. (SH +4) [potion of mutation]
  7468 | D:6      | Gained mutation: Your mind is acute. (Int +2) [potion of mutation]
  7479 | D:6      | Reached skill level 9 in Maces & Flails
  7781 | D:7      | Found a bloodstained altar of Trog.
  7816 | D:7      | Noticed a two-headed ogre
  7823 | D:7      | Killed a two-headed ogre
  8053 | D:7      | Found a deep blue altar of Sif Muna.
  8130 | D:7      | Reached skill level 10 in Maces & Flails
  8130 | D:7      | Reached XP level 10. HP: 51/71 MP: 8/10
  9451 | D:8      | Reached skill level 1 in Evocations
 10199 | D:8      | Noticed a two-headed ogre
 10210 | D:8      | Killed a two-headed ogre
 10210 | D:8      | Reached skill level 11 in Maces & Flails
 10780 | D:9      | Found a staircase to the Lair.
 10842 | D:9      | Reached XP level 11. HP: 28/78 MP: 7/13
 11401 | D:9      | Noticed a two-headed ogre
 11426 | Lair:1   | Entered Level 1 of the Lair of Beasts
 11567 | Lair:1   | Noticed p0werm0de's ghost (novice DsAE)
 11587 | Lair:1   | Killed p0werm0de's ghost
 12065 | Lair:1   | Bought a ring of the Octopus King {rC+ AC+1 EV+1 Str+1 Int+1 Dex+1} for 700 gold pieces
 12065 | Lair:1   | Found the ring of the Octopus King {rC+ AC+1 EV+1 Str+1 Int+1 Dex+1}
 12407 | Lair:1   | Reached skill level 5 in Dodging
 12415 | Lair:1   | Noticed Gastronok
 13410 | Lair:2   | Reached skill level 12 in Maces & Flails
 13635 | D:10     | Entered Level 10 of the Dungeon
 13687 | D:10     | Noticed a two-headed ogre
 13702 | D:10     | Killed a two-headed ogre
 13702 | D:10     | Reached skill level 5 in Evocations
 14317 | D:10     | Found a staircase to the Orcish Mines.
 14371 | D:10     | Identified a scroll of acquirement
 14704 | D:10     | Noticed a two-headed ogre
 14896 | D:10     | Reached XP level 12. HP: 40/87 MP: 7/16
 15467 | Orc:1    | Entered Level 1 of the Orcish Mines
 15578 | Orc:1    | Found a roughly hewn altar of Beogh.
 15715 | Orc:1    | Noticed Josephine
 15722 | Orc:1    | Killed Josephine
 15763 | Orc:1    | Reached skill level 13 in Maces & Flails
 15913 | Orc:1    | Noticed Maurice
 15922 | Orc:1    | Killed Maurice
 15962 | Orc:1    | Reached skill level 10 in Fighting
 15964 | Orc:1    | Noticed an orc high priest
 15981 | Orc:1    | Killed an orc high priest
 16659 | Orc:1    | Noticed a centaur warrior
 16675 | Orc:1    | Killed a centaur warrior
 16733 | Orc:2    | Entered Level 2 of the Orcish Mines
 16733 | Orc:2    | Noticed Saint Roka
 17383 | Orc:2    | Noticed Donald
 17406 | Orc:1    | Killed Donald
 17825 | Orc:2    | Noticed Erolcha
 17973 | Orc:1    | HP: 4/88 [something/bolt of lightning (22)]
 18096 | Orc:1    | Killed Erolcha
 18655 | Orc:2    | Reached XP level 13. HP: 82/93 MP: 15/18
 18735 | Orc:2    | Noticed Azrael
 18756 | Orc:2    | HP: 2/93 [fire elemental[Azrael] (4)]
 19157 | Orc:1    | Killed from afar by Azrael

Vault maps used:
D:1:      co_arrival_square_in_a_square_in_a_square
D:3:      first_bread, chequers_ecumenical_altar_island,
          kennysheep_generic_room_10
D:4:      gammafunk_temple_overflow_statue, minmay_item_behind_shaft,
          fountainhead, uniq_grinder
D:5:      nicolae_overflow_crystal_walls, minmay_temple_entry_fiery
D:6:      lemuel_insect_pit
D:7:      lemuel_round_altar, overflow_temple_1_default, grunt_livestock
D:9:      lemuel_crystal_altar, erik_lair_orcish_takeover
D:10:     orc_0_dummy, minmay_misc_feat_ornament
Temple:   eino_temple_rhombus
Lair:1:   uniq_gastronok
Lair:2:   beast_lair_carwin_6
Lair:3:   minmay_swamp_entry_worms, cheibrodos_lair_lostbears,
          lemuel_fruit_fields, serial_bayou_shore_a
Orc:1:    mines1_david, uniq_maurice, uniq_erica, uniq_harold, uniq_josephine
Orc:2:    pubby_orc_utopia, serial_shops, uniq_saint_roka, uniq_azrael,
          uniq_donald, uniq_erolcha

Skill      XL: |  1  2  3  4  5  6  7  8  9 10 11 12 |
---------------+-------------------------------------+-----
Maces & Flails | 3 4 5 6 8 10 11 12 13 | 13.9
Shields        | 4 5 6 7 |  7.9
Fighting       | 4 5 6 7 8 9 10 | 10.7
Evocations     | 3 5 7 |  7.9
Dodging        | 4 6 7 |  7.9

Action                   |  1- 3 |  4- 6 |  7- 9 | 10-12 | 13-15 || total
-------------------------+-------+-------+-------+-------+-------++-------
Melee: Flail             |    51 |    81 |   234 |   897 |    51 ||  1314
       Constrict         |    10 |    29 |    54 |   142 |    12 ||   247
       Tentacles         |     7 |    25 |    56 |   238 |    15 ||   341
Throw: Stone             |     8 |    16 |     5 |     5 |       ||    34
Invok: Potion Petition   |       |       |     1 |     2 |       ||     3
       Call Merchant     |       |       |       |     1 |       ||     1
Evoke: Wand              |       |       |     4 |    14 |     3 ||    21
  Use: Scroll            |     3 |     1 |    13 |    11 |     1 ||    29
       Potion            |       |     3 |     8 |     9 |       ||    20
 Stab: Sleeping          |     7 |     6 |     7 |     2 |       ||    22
       Distracted        |       |     1 |     1 |     6 |     1 ||     9
       Invisible         |       |       |       |     4 |       ||     4
  Eat: Chunk             |     3 |     5 |     4 |       |       ||    12
       Bread ration      |       |       |     3 |     1 |       ||     4
       Meat ration       |       |       |       |     6 |       ||     6
Armor: Skin              |     3 |     3 |     3 |    38 |     2 ||    49
Dodge: Dodged            |    22 |    23 |    78 |   329 |    18 ||   470
Block: Shield            |    14 |    36 |   103 |   666 |    31 ||   850
